 Dungeon Crawl Stone Soup version 0.31-a0-1111-ga3525b893c (webtiles) character file.

Game seed: 8470751244019089634

65 kae the Sneak (level 3, -4/26 HPs)
             Began as a Demonspawn Enchanter on Dec 3, 2023.
             Slain by a gnoll
             ... wielding a +0 flail
              (6 damage)
             ... on level 2 of the Dungeon.
             The game lasted 00:03:05 (1507 turns).

kae the Sneak (Demonspawn Enchanter)                Turns: 1507, Time: 00:03:05

Health: -4/26      AC:  2    Str:  8    XL:     3   Next: 92%
Magic:  0/6        EV: 12    Int: 15    God:
Gold:   62         SH:  0    Dex: 15    Spells: 4/6 levels left

rFire   . . .        a - +1 dagger
rCold   . . .        (no shield)
rNeg    . . .        b - +0 robe
rPois   .            (helmet restricted)
rElec   .            (no cloak)
rCorr   .            (no gloves)
SInv    .            (no boots)
Will    .....        (no amulet)
Stlth   ++           (no ring)
HPRegen 0.24/turn    (no ring)
MPRegen 0.10/turn

%: no passive effects
@: no status effects
A: antennae 1
a: no special abilities


You were on level 2 of the Dungeon.
You visited 1 branch of the dungeon, and saw 3 of its levels.

You collected 62 gold pieces.


Innate Abilities, Weirdness & Mutations

You have a pair of small antennae on your head.


   Skills:
 + Level 1.0 Fighting
 * Level 1.7 Short Blades
 + Level 0.2 Armour
 - Level 1.7 Dodging
 * Level 3.2 Stealth
 + Level 2.3 Spellcasting
 + Level 3.1 Hexes
 * Level 1.0 Ice Magic


You had 4 spell levels left.
You knew the following spells:

 Your Spells              Type           Power      Damage    Failure   Level
a - Ensorcelled Hibernat  Hex/Ice        16%        N/A       14%         2

Your spell library contained the following spells:

 Spells                   Type           Power      Damage    Failure   Level
 Jinxbite                 Hex            22%        N/A       9%          2
 Confusing Touch          Hex            11%        N/A       17%         3
 Tukima's Dance           Hex            11%        N/A       17%         3
 Cigotuvi's Dreadful Rot  Necr/Pois/Air  2%         N/A       32%         2
 Dazzling Flash           Conj/Hex       12%        N/A       32%         3
 Anguish                  Hex/Necr       3%         N/A       73%         4
 Dispel Undead            Necr           1%         3d6       91%         4
 Death Channel            Necr           0%         N/A       100%        6

Inventory:

Hand Weapons
 a - a +1 dagger (weapon)
Missiles
 j - 13 stones
Armour
 b - a +0 robe (worn)
 f - a +4 ring mail
   (You found it on level 3 of the Dungeon)
Potions
 c - 2 potions of invisibility
 d - 2 potions of degeneration {unknown}
 e - a potion of heal wounds {@q2}
 g - a potion of mutation {unknown}

Dungeon Overview and Level Annotations

Branches:
Dungeon (3/15) Zot: 16500

Altars:

#...#............................
..#.#...#.#.#.#.#.#.#.#.#.#..###.
.##....#............รท......#.#...
....#..#.#.#.#.#.#.#.#.#.#.....#.
##.##..##..................#####.
##.....##.#.#.#.#.#.#.#.#..# #.
.#########................## #. .#
######.#.#.#.#.#.#.#..# ## .##
#...###.....@g........# ..###...#
#.#.#.#.#.#.#.### #...#...#
##...........## ###.#...#
##.######...# #####
#.....####...###...### #....
####.............### #.###
####>...#.##### #.#.. ######.###
#...# # #..รท#### ###<#


You could see a gnoll.


Message History

๐Ÿ˜Ž HP[+4]
Your hp is fully restored (26).
An endoplasm is nearby!
An endoplasm is nearby!
The helpless endoplasm fails to defend itself.
You impale the endoplasm!!
You kill the endoplasm!
No target in view!
No target in view!
No target in view!
An adder comes into view.
No target in view!
An adder is nearby!
The adder hisses angrily.
An adder is nearby!
You barely miss the adder. The adder bites you.
You hit the adder. Your punch misses the adder.
The adder bites you. ๐Ÿ˜• HP[-6]
You take 6 damage, and now have 20/26 hp.
MASSIVE DAMAGE!! (PAUSE)
Casting: Ensorcelled Hibernation (safe; 14% risk of failure)
Confirm with . or Enter, or press ? or * to list all spells.
Aiming: Ensorcelled Hibernation (safe; 14% risk of failure)
Press: ? - help, Shift-Dir - straight line, f - adder
Aim: an adder (moderately wounded, chance to affect: 50%)
The adder looks drowsy... ๐Ÿ˜• MP[-2]
You lost 2 mp, and now have 4/6 mp.
The helpless adder fails to defend itself.
You puncture the adder!
You kill the adder!
No target in view! ๐Ÿ˜• HP[+1]
You pick up a book of Dreams and begin reading...
You add the spells Jinxbite and Anguish to your library. ๐Ÿ˜Ž HP[+5] MP[+2]
Your hp is fully restored (26).
Your mp is fully restored (6).
No target in view!
No target in view!
Found an escape hatch in the ceiling.
No target in view!
No target in view!
There is an escape hatch in the ceiling here.
A gnoll comes into view. It is wielding a +0 flail.
A gnoll is nearby!
A gnoll is nearby!
A gnoll is nearby!
The gnoll shouts!
A gnoll comes into view. It is wielding a +0 flail.
Unknown command.
Unknown command.
The gnoll shouts!
There is an escape hatch in the ceiling here.
A gnoll comes into view. It is wielding a +0 spear.
Casting: Ensorcelled Hibernation (safe; 14% risk of failure)
Confirm with . or Enter, or press ? or * to list all spells.
Aiming: Ensorcelled Hibernation (safe; 14% risk of failure)
Press: ? - help, Shift-Dir - straight line, f - gnoll
Aim: a gnoll, wielding a +0 flail (chance to affect: 50%)
The gnoll resists with some effort.
The gnoll shouts!
You hear an angry hiss.
The gnoll barely misses you. ๐Ÿ˜Ž MP[-2]
You lost 2 mp, and now have 4/6 mp.
Casting: Ensorcelled Hibernation (safe; 14% risk of failure)
Confirm with . or Enter, or press ? or * to list all spells.
Aiming: Ensorcelled Hibernation (safe; 14% risk of failure)
Press: ? - help, Shift-Dir - straight line, f/p - gnoll
Aim: a gnoll, wielding a +0 flail (chance to affect: 50%)
The gnoll looks drowsy... ๐Ÿ˜Ž MP[-2]
You lost 2 mp, and now have 2/6 mp.
The helpless gnoll fails to defend itself.
You puncture the gnoll!
You kill the gnoll!
Your Ice Magic skill increases to level 1!
The gnoll closely misses you. A mysterious force pulls you upwards.
The hatch slams shut behind you.
Unknown command.
Casting: Ensorcelled Hibernation (safe; 14% risk of failure)
Confirm with . or Enter, or press ? or * to list all spells.
Aiming: Ensorcelled Hibernation (safe; 14% risk of failure)
Press: ? - help, Shift-Dir - straight line, f - gnoll
Aim: a gnoll, wielding a +0 flail (chance to affect: 50%)
The gnoll resists with some effort.
The gnoll hits you with a +0 flail! ๐Ÿ˜ฎ HP[-10] MP[-2]
You take 10 damage, and now have 16/26 hp.
MASSIVE DAMAGE!! (PAUSE)
You lost 2 mp, and now have 0/6 mp.
You hit the gnoll but do no damage. The gnoll hits you with a +0 flail.
* * * LOW HITPOINT WARNING * * *
๐Ÿ˜จ HP[-5]
You take 5 damage, and now have 11/26 hp.
You barely miss the gnoll. The gnoll hits you with a +0 flail!
* * * LOW HITPOINT WARNING * * *
๐Ÿ˜ฑ HP[-9]
You take 9 damage, and now have 2/26 hp.
MASSIVE DAMAGE!! (PAUSE)
You closely miss the gnoll. The gnoll hits you with a +0 flail.
You die...

Skill      XL: |  1  2  3 |
---------------+----------+-----
Short Blades   | 1 |  1.7
Stealth        | 3 |  3.2
Fighting       | 1 |  1.0
Ice Magic      | 1 |  1.0
Armour         | |  0.2
Dodging        | |  1.7
Spellcasting   | |  2.3
Hexes          | |  3.1

Action                     || total
---------------------------++-------
  Melee: Dagger            ||   111
         Punch             ||     1
   Cast: Ensorcelled Hiber ||     7
    Use: Scroll            ||     5
   Stab: Sleeping          ||     9
         Distracted        ||     1
 Armour: Robe              ||    51
  Dodge: Dodged            ||    66

Levels and vault maps discovered:
D:1:      doesnt_arrival_eight_statues, layout_rooms,
          dreamdust_princess_corridor
D:2:      layout_basic, hex_large, chequers_mini_garden,
          amcnicky_mini_rare_corridor_liquid,
          nicolae_concentric_dashed_squares_wild
D:3:      layout_loops_corners, shapermc_ecumenical_altar_ellora,
          chequers_serial_rivers_micro_b, minmay_fractal_squares_gapless_5

Notes
Turn   | Place    | Note
-------+----------+-------------------------------------------
     0 | D:1      | kae the Demonspawn Enchanter began the quest for the Orb.
     0 | D:1      | Reached XP level 1. HP: 13/13 MP: 3/3
     0 | D:1      | magus.rc [v1.11.3]
    54 | D:1      | Reached skill level 1 in Short Blades
   187 | D:1      | Gained mutation: You have a pair of small antennae on your
                  | head. [demonic ancestry]
   187 | D:1      | Reached XP level 2. HP: 15/19 MP: 5/5
   192 | D:1      | Learned a level 2 spell: Ensorcelled Hibernation
   330 | D:1      | You pick up a book of Decay and begin reading...
   330 | D:1      | You add the spells Cigotuvi's Dreadful Rot, Dispel Undead
                  | and Death Channel to your library.
   669 | D:2      | Reached skill level 3 in Stealth
   760 | D:2      | Reached XP level 3. HP: 25/25 MP: 6/6
   970 | D:2      | Reached skill level 1 in Fighting
  1475 | D:3      | You pick up a book of Dreams and begin reading...
  1475 | D:3      | You add the spells Jinxbite and Anguish to your library.
  1502 | D:3      | Reached skill level 1 in Ice Magic
  1506 | D:2      | HP: 2/26 [gnoll/+0 flail (9)]
  1507 | D:2      | Slain by a gnoll

Vanquished Creatures
  A gnoll (D:3)
  2 adders
  2 worms (D:2)
  2 dart slugs
  5 endoplasms
  A giant cockroach (D:1)
  A goblin (D:2)
  2 quokkas (D:2)
  A ball python (D:2)
  4 bats
  2 frilled lizards
  4 kobolds
  2 rats
29 creatures vanquished.

Table legend:
 A = Non-vault XP
 B = Vault XP
 C = Vault XP percentage of total XP
 D = Non-vault monster count
 E = Vault monster count
 F = Vault count percentage of total count
                 A         B        C        D         E       F
            +---------+---------+-------+---------+---------+-------
      Total |      93 |       0 |   0.0 |      29 |       0 |   0.0
            +---------+---------+-------+---------+---------+-------
        D:1 |      15 |       0 |   0.0 |       9 |       0 |   0.0
        D:2 |      48 |       0 |   0.0 |      17 |       0 |   0.0
        D:3 |      30 |       0 |   0.0 |       3 |       0 |   0.0
            +---------+---------+-------+---------+---------+-------

Skill      XL: |  1  2  3 |
---------------+----------+-----
Short Blades   | 1 |  1.7
Stealth        | 3 |  3.2
Fighting       | 1 |  1.0
Ice Magic      | 1 |  1.0
Armour         | |  0.2
Dodging        | |  1.7
Spellcasting   | |  2.3
Hexes          | |  3.1

Action                     || total
---------------------------++-------
  Melee: Dagger            ||   111
         Punch             ||     1
   Cast: Ensorcelled Hiber ||     7
    Use: Scroll            ||     5
   Stab: Sleeping          ||     9
         Distracted        ||     1
 Armour: Robe              ||    51
  Dodge: Dodged            ||    66

Illustrated notes

Table legend:
 A = Kills in this place as a percentage of kills in the entire game.
 B = Kills by you in this place as a percentage of kills by you in the entire game.
 C = Kills by friends in this place as a percentage of kills by friends in the entire game.
 D = Other kills in this place as a percentage of other kills in the entire game.
 E = Experience gained in this place as a percentage of experience gained in the entire game.
 F = Experience gained in this place divided by the number of levels of this place that you have seen.
                   A       B       C       D       E      F
               +-------+-------+-------+-------+-------+----------------------
         Total | 100.0 | 100.0 |   N/A |   N/A | 100.0 |  31.0
       Dungeon | 100.0 | 100.0 |   N/A |   N/A | 100.0 |  31.0
               +-------+-------+-------+-------+-------+----------------------

Table legend: (Time is in decaauts)
 A = Elapsed time spent in this place.
 B = Non-inter-level travel time spent in this place.
 C = Inter-level travel time spent in this place.
 D = Time resting spent in this place.
 E = Time spent auto-exploring this place.
 F = Levels seen in this place.
 G = Mean time per level.
                   A        B        C        D        E       F      G
               +--------+--------+--------+--------+--------+-----+--------+
         Total |   1499 |   1473 |     26 |      0 |   1214 |   3 |  499.7 |
       Dungeon |   1499 |   1473 |     26 |      0 |   1214 |   3 |  499.7 |
               +--------+--------+--------+--------+--------+-----+--------+

Top non-repeatable levels by time:
     D:2: 836 daAuts
     D:1: 523 daAuts
     D:3: 139 daAuts
